 Dungeon Crawl Stone Soup version 0.29-a0-410-g9596d59a08 (webtiles) character file.

Game seed: 17523710818955012732

2 Ge0ff the Skirmisher (level 1, -1/14 HPs)
             Began as a Gargoyle Monk on May 14, 2022.
             Was an Initiate of Gozag.
             Slain by a goblin
             ... wielding a +0 club
              (3 damage)
             ... on level 1 of the Dungeon.
             The game lasted 00:00:40 (144 turns).

Ge0ff the Skirmisher (Gargoyle Monk)                 Turns: 144, Time: 00:00:40

Health: -1/14      AC:  4    Str: 14    XL:     1   Next: 40%
Magic:  1/1        EV: 12    Int: 10    God:    Gozag
Gold:   33         SH:  0    Dex: 12    Spells: 0/0 levels left

rFire   . . .      SeeInvis .   a - +0 mace
rCold   . . .      Faith    .   (no shield)
rNeg    + . .      Spirit   .   b - +0 robe
rPois   ∞          Reflect  .   (no helmet)
rElec   +          Harm     .   (no cloak)
rCorr   .          Rampage  .   (no gloves)
Will    .....                   (no boots)
Stlth   ++........              (no amulet)
HPRegen 0.04/turn               (no ring)
MPRegen 0.07/turn               (no ring)

@: no status effects
A: sickness immunity, AC +2, negative energy resistance 1, electricity
resistance, torment resistance 1, petrification resistance
a: Renounce Religion, Potion Petition, Call Merchant, Bribe Branch


You were on level 1 of the Dungeon.
You worshipped Gozag.
Gozag was noncommittal.
You visited 1 branch of the dungeon, and saw 1 of its levels.

You collected 33 gold pieces.

Inventory:

Hand Weapons
 a - a +0 mace (weapon)
Missiles
 q - 8 stones (quivered)
Armour
 b - a +0 robe (worn)
Scrolls
 p - a scroll of identify {unknown}
 r - a scroll of teleportation {unknown}
Potions
 o - a potion of ambrosia


   Skills:
 - Level 3.2 Fighting
 + Level 3.2 Maces & Flails
 - Level 2.4 Dodging
 - Level 2.1 Stealth


You couldn't memorise any spells.
You didn't know any spells.
Your spell library contained the following spells:

 Spells                   Type           Power      Damage    Failure   Level
 Animate Skeleton         Necr           0%         N/A       36%         1
 Pain                     Necr           0%         1d4       36%         1
 Vampiric Draining        Necr           0%         2d6       75%         3


Dungeon Overview and Level Annotations

Branches:
Dungeon (1/15)

Altars:
Gozag


Innate Abilities, Weirdness & Mutations

You are immune to sickness and miasma.
Your stone body is resilient. (AC +2)
You are immune to poison.
You resist negative energy. (rN+)
You are resistant to electric shocks. (rElec)
You are resistant to unholy torment.
You are immune to petrification.


Message History

A frilled lizard comes into view.
The frilled lizard hisses angrily.
There is a faded altar of an unknown god here.
You cannot tell which god this altar belongs to.
Convert to them anyway?
Gozag accepts your prayer! Gozag welcomes you!
Gozag waives the service fee.
The frilled lizard unfolds its giant frill.
A goblin comes into view. It is wielding a +0 club.
Found a brown potion.
The goblin shouts!
A goblin comes into view. It is wielding a +0 club.
What are your orders? t - Shout!
Orders for allies: a - Attack new target. r - Retreat! s - Stop attacking. g - Guard the area. f - Follow me.
Anything else - Cancel.
You shout for attention!
The goblin hits you but does no damage. The goblin barely misses you.
The frilled lizard bites you but does no damage.
The goblin hits you but does no damage.
The frilled lizard bites you but does no damage.
A rat comes into view.
The goblin completely misses you. The frilled lizard bites you.
The goblin hits you with a +0 club. The goblin barely misses you.
The frilled lizard barely misses you. The goblin hits you with a +0 club.
The goblin closely misses you.
The frilled lizard bites you but does no damage.
The goblin misses you. The goblin closely misses you.
The frilled lizard closely misses you. The goblin hits you but does no damage.
The goblin barely misses you. The frilled lizard barely misses you.
The goblin hits you with a +0 club. The goblin misses you.
The frilled lizard bites you but does no damage.
The goblin hits you with a +0 club.
* * * LOW HITPOINT WARNING * * *
The goblin hits you with a +0 club.
* * * LOW HITPOINT WARNING * * *
The frilled lizard closely misses you. The goblin closely misses you.
The rat bites you but does no damage. The goblin barely misses you.
The frilled lizard bites you but does no damage.
The goblin hits you but does no damage. The rat barely misses you.
The goblin hits you with a +0 club.
You die...
Your body crumbles into a pile of gold.

#.. # #.# #.###.##
#!#.... #.#.#.#
#.....#
#####.....# #
......r@g.# ##g#
######.gl.##....#
#...........#
###.##.#..##..#
$..........g.#
##.....?..###.#
#........#
#####..#.#...#
.............###.#


You could see 2 goblins, a frilled lizard and a rat.

Vanquished Creatures
  A giant cockroach (D:1)
  A goblin (D:1)
2 creatures vanquished.

Notes
Turn   | Place    | Note
-------+----------+-------------------------------------------
     0 | D:1      | Ge0ff the Gargoyle Monk began the quest for the Orb.
     0 | D:1      | Reached XP level 1. HP: 14/14 MP: 1/1
   114 | D:1      | Found a faded altar of an unknown god.
   120 | D:1      | Prayed at the altar of an unknown god.
   120 | D:1      | Became a worshipper of Gozag Ym Sagoz the Greedy
   144 | D:1      | Slain by a goblin

Illustrated notes

Levels and vault maps discovered:
D:1:      lemuel_arrival_muddy, layout_basic, hellmonk_ecumenical_altar_lost_god

Action                   || total
-------------------------++-------
Melee: Mace              ||     7
 Stab: Sleeping          ||     1
Armor: Robe              ||    11
Dodge: Dodged            ||    20

Table legend: (Time is in decaauts)
 A = Elapsed time spent in this place.
 B = Non-inter-level travel time spent in this place.
 C = Inter-level travel time spent in this place.
 D = Time resting spent in this place.
 E = Time spent auto-exploring this place.
 F = Levels seen in this place.
 G = Mean time per level.
                   A        B        C        D        E       F      G
               +--------+--------+--------+--------+--------+-----+--------+
         Total |    145 |    145 |      0 |      0 |     85 |   1 |  145.0 |
       Dungeon |    145 |    145 |      0 |      0 |     85 |   1 |  145.0 |
               +--------+--------+--------+--------+--------+-----+--------+

Top non-repeatable levels by time:
     D:1: 145 daAuts
